Map: Nightshade LE

Players

OneBaseMan

  • Race: Terran Terran
  • League: Master
  • Spawn Location: 5:00

BewwyCwuncH - Winner!

  • Race: Terran Terran
  • League: Grandmaster
  • Spawn Location: 11:00

VOD

Have the link to the VOD?

Description

Time

  • Played on: Jan. 30, 2020, 4:18 a.m.
  • Length: 16:31
Show
View Real Time Build Order
Export as new Build Order

OneBaseMan Terran 

Build Orders:  

Get SALT Encoding   

  12  0:00  SCV  
  13  0:13  SCV  
  14  0:17  Supply Depot  
  14  0:25  SCV  
  15  0:28  Refinery  
  15  0:39  SCV  
  16  0:44  Barracks  
  16  0:51  SCV  
  16  0:56  Refinery  
  17  1:03  SCV  
  18  1:15  SCV  
  19  1:31  Reaper  
  19  1:32  Orbital Command  
  20  1:35  Factory  
  20  1:44  Supply Depot  
  20  1:57  SCV  
  21  2:03  Reaper  
  22  2:12  SCV  
  23  2:20  Hellion  
  25  2:25  SCV  
  23  2:45  Hellion, Reaper  
  23  2:50  SCV  
  27  2:52  Starport  
  27  2:55  Supply Depot  
  27  3:02  SCV  
  28  3:11  Hellion  
  30  3:14  SCV  
  31  3:28  Barracks Tech Lab  
  31  3:29  Starport Tech Lab  
  31  3:31  Barracks Reactor  
  31  3:34  SCV, Factory Tech Lab  
  31  3:39  Command Center  
  32  3:49  Banshee  
  32  3:50  SCV  
  32  3:55  Supply Depot  
  34  4:07  Cyclone  
  32  4:11  Marine  
  14  4:40  SCV  
  14  4:53  SCV, Marine x2  
  14  4:54  Siege Tank  
  20  5:05  SCV  
  21  5:17  SCV  
  21  5:20  Viking  
  24  5:29  SCV  
  25  5:40  Marine  
  25  5:41  SCV, Marine  
  28  5:54  SCV  
  27  6:02  Marine x2  
  29  6:06  SCV  
  30  6:34  Marine x2  
  29  6:57  Marine x2  
  29  6:59  SCV  
  29  7:24  Marine  
  29  7:25  Marine  
  22  7:44  Marine x2  
  17  7:46  SCV  
  17  7:47  Siege Tank  
  20  7:57  Starport Tech Lab  
  20  7:58  SCV  
  23  8:10  SCV  
  24  8:14  Cloaking Field  
  22  8:22  Banshee  
  25  8:29  SCV  
  26  8:39  Siege Tank  
  29  8:42  SCV  
  30  8:54  SCV  
  31  9:05  Banshee  
  34  9:11  Siege Tank  
  34  9:13  SCV  
  38  9:26  Marine  
  38  9:30  SCV  
  40  9:39  Marine  
  40  9:42  SCV  
  42  9:54  Marine  
  42  9:55  Siege Tank  
  42  9:56  SCV  
  39  10:27  Marine x2  
  38  10:36  SCV  
  41  10:48  SCV  
  42  11:00  SCV  
  42  11:03  Cyclone  
  44  11:09  Medivac  
  46  11:12  SCV  
  47  11:29  Supply Depot  
  47  11:50  SCV, Medivac x2  
  52  11:57  Supply Depot  
  52  12:02  SCV  
  53  12:15  SCV  
  54  12:27  SCV  
  55  12:32  Supply Depot  
  55  12:34  Viking x2, Siege Tank  
  62  12:38  Marine  
  63  12:48  Supply Depot  
  48  13:36  Siege Tank  
  42  14:01  SCV  
  42  14:07  Starport, Barracks  
  42  14:08  Barracks  
  40  14:32  SCV  
  41  14:40  Cyclone  
  44  14:47  Viking  
  46  14:53  SCV  
  46  14:56  Marine x2  
  49  15:00  Supply Depot  
  49  15:14  Marine x2  
  49  15:15  Cyclone  
  49  15:17  Viking  
  56  15:24  Orbital Command  
  56  15:36  Marine  
  56  15:37  Marine  
  58  15:55  Refinery  
  58  15:57  Refinery  
Show
View Real Time Build Order
Export as new Build Order

BewwyCwuncH Terran - Winner!

Build Orders:  

Get SALT Encoding   

  12  0:00  SCV  
  13  0:13  SCV  
  14  0:18  Supply Depot  
  14  0:30  Refinery  
  14  0:43  Barracks  
  14  0:54  Barracks  
  14  0:58  SCV  
  15  1:10  SCV  
  16  1:22  SCV  
  17  1:30  Reaper  
  18  1:35  Orbital Command  
  18  1:41  Reaper  
  19  1:53  Refinery  
  19  1:55  Supply Depot  
  19  2:00  SCV  
  20  2:02  Reaper  
  21  2:13  SCV, Reaper  
  23  2:25  SCV  
  24  2:34  Reaper  
  24  2:45  Reaper  
  25  2:54  Factory  
  25  2:56  SCV  
  25  2:57  Supply Depot  
  26  3:11  SCV  
  27  3:15  Command Center  
  27  3:23  SCV  
  28  3:35  SCV  
  28  3:38  Factory Tech Lab  
  28  3:40  Starport  
  29  3:47  SCV  
  30  3:59  SCV  
  30  4:00  Cyclone  
  33  4:11  SCV  
  29  4:24  SCV  
  19  4:25  Viking  
  18  4:32  Cyclone  
  18  4:36  SCV  
  14  4:49  SCV  
  14  5:00  Marine  
  14  5:01  SCV  
  16  5:14  SCV  
  16  5:25  SCV  
  17  5:28  SCV  
  18  5:37  SCV  
  18  5:42  SCV  
  20  5:49  SCV  
  21  5:54  SCV  
  22  6:01  SCV  
  22  6:03  Marine  
  24  6:18  SCV  
  24  6:19  Cyclone  
  28  6:31  Marine  
  23  6:39  SCV  
  24  6:43  Viking  
  24  6:57  Siege Tank  
  27  7:07  SCV  
  24  7:32  Marine  
  19  7:45  SCV  
  19  7:46  Liberator  
  19  7:50  Marine  
  23  7:55  SCV  
  24  8:08  SCV, Bunker  
  27  8:31  Factory  
  27  8:32  SCV  
  26  8:35  SCV  
  27  8:42  Barracks Reactor  
  27  8:44  SCV  
  29  8:50  Starport Tech Lab  
  28  8:56  SCV  
  28  8:59  Orbital Command  
  30  9:14  Supply Depot  
  30  9:16  Factory Tech Lab  
  29  9:31  Marine  
  30  9:36  SCV, Raven, Marine, Siege Tank  
  37  9:49  Marine  
  37  9:50  SCV  
  37  9:51  SCV  
  38  9:54  Marine  
  36  10:06  Marine  
  35  10:11  Marine  
  34  10:24  Marine  
  34  10:30  SCV  
  35  10:38  SCV  
  35  10:42  SCV  
  37  10:50  SCV  
  37  10:54  SCV  
  40  11:02  Raven  
  40  11:03  SCV  
  43  11:05  Marine x2  
  43  11:06  SCV  
  45  11:15  SCV  
  46  11:19  Supply Depot  
  46  11:20  Supply Depot  
  46  11:40  SCV x2, Siege Tank  
  46  11:41  Engineering Bay  
  46  11:42  Supply Depot  
  51  11:56  SCV  
  51  11:57  SCV  
  53  12:05  Viking x2  
  53  12:06  Marine  
  53  12:08  SCV  
  59  12:17  Orbital Command  
  59  12:20  SCV  
  60  12:23  Orbital Command  
  60  12:29  Siege Tank  
  63  12:32  SCV, Marine  
  65  12:38  Viking  
  65  12:40  Missile Turret  
  67  12:46  Missile Turret  
  67  12:47  SCV  
  68  12:52  Marine  
  68  12:55  SCV  
  61  13:10  Siege Tank  
  50  13:36  Orbital Command  
  50  13:44  SCV  
  51  13:49  Factory Tech Lab  
  51  13:56  SCV  
  51  13:59  Barracks  
  51  14:00  Barracks  
  51  14:02  Command Center  
  52  14:03  SCV  
  52  14:05  Refinery  
  52  14:06  Refinery  
  52  14:08  SCV  
  54  14:15  SCV  
  53  14:21  SCV  
  53  14:23  Missile Turret  
  50  14:27  SCV  
  41  14:33  SCV  
  41  14:40  SCV  
  41  14:45  SCV  
  43  14:51  Bunker  
  43  14:52  Barracks Reactor, SCV  
  44  14:53  Barracks Reactor  
  44  14:55  Missile Turret  
  44  14:57  SCV, Barracks  
  45  15:07  Siege Tank  
  45  15:11  SCV x2  
  50  15:18  Orbital Command  
  50  15:27  SCV x2  
  52  15:30  Refinery, Marine  
  52  15:31  Marine  
  52  15:35  Marine  
  55  15:39  SCV x2  
  57  15:44  Siege Tank  
  57  15:45  SCV  
  57  15:48  Barracks Tech Lab  
  61  15:55  SCV  
  62  15:59  Marine x2  
  62  16:02  Marine  
  62  16:03  Marine  
  66  16:08  Marine  
  65  16:12  SCV  
Tags
 
Add a new tag
Caveats
  • Supply blocks, unpowered buildings, or Contaminate may cause inaccurate times.
  • Supply counts are checked every 10 seconds.